 Dungeon Crawl Stone Soup version 0.30-b1-2-g02819fbbbe (webtiles) character file.

Game seed: 11106796688059273508

(classic levelgen) 444 EnegeticOcto the Chopper (level 6, 0/50 HPs)
             Began as a Minotaur Fighter on May 9, 2023.
             Succumbed to an adder's poison
             ... on level 5 of the Dungeon.
             The game lasted 00:01:53 (3574 turns).

EnegeticOcto the Chopper (Minotaur Fighter)         Turns: 3574, Time: 00:01:54

Health: 0/50       AC: 13    Str: 22    XL:     6   Next: 72%
Magic:  5/5        EV:  8    Int:  5    God:
Gold:   291        SH:  5    Dex: 10    Spells: 5/5 levels left

rFire   . . .        a - +0 war axe
rCold   . . .        c - +0 buckler
rNeg    . . .        p - +1 chain mail
rPois   .            (helmet restricted)
rElec   .            g - +0 cloak
rCorr   .            (no gloves)
SInv    .            k - +0 pair of boots
Will    .....        (no amulet) Stlth
                     (no ring)
HPRegen 0.28/turn    (no ring)
MPRegen 0.09/turn

%: no passive effects
@: lethally poisoned (0 -> -3), weakened
A: horns 2, retaliatory headbutt, hooves 1, frail 1
a: no special abilities


You were on level 5 of the Dungeon.
You visited 1 branch of the dungeon, and saw 5 of its levels.

You collected 291 gold pieces.

Inventory:

Hand Weapons
 a - a +0 war axe (weapon)
Missiles
 e - a throwing net (quivered)
Armour
 c - a +0 buckler (worn)
 g - a +0 cloak (worn)
   (You took it off Crazy Yiuf on level 3 of the Dungeon)
 k - a +0 pair of boots (worn)
   (You found it on level 4 of the Dungeon)
 p - a +1 chain mail (worn)
   (You found it on level 3 of the Dungeon)
Potions
 b - a potion of haste {@q4}
 d - 2 potions of might {@q3}
 h - 4 potions of curing {@q1}
 i - 2 potions of heal wounds {@q2}
 j - 3 potions of flight
 n - a potion of magic
 o - a potion of resistance {unknown}


   Skills:
 + Level 5.2 Fighting
 * Level 5.8 Axes
 + Level 5.1 Armour
 + Level 5.3 Shields


You had 5 spell levels left.
You didn't know any spells.
Your spell library was empty.

Dungeon Overview and Level Annotations

Branches:
Dungeon (5/15)
 Temple: D:4-7

Altars:
Gozag

Shops:
D:2 *

Annotations:
D:5 Sigmund


Innate Abilities, Weirdness & Mutations

You have a pair of horns on your head.
You reflexively headbutt those who attack you in melee.
You have large cloven feet.
You are frail. (-10% HP)


Message History

The magic dart hits you but does no damage.
The orc hits you but does no damage.
The orc hits you from afar with a +0 trident.
You block the orc's attack. You block the adder's attack.
The hound bites you but does no damage.
You closely miss the hound. You closely miss something.
You hit the orc but do no damage. You barely miss the adder.
The adder bites you but does no damage. Something hits you.
You block the orc's attack. The orc hits you but does no damage.
The hound bites you but does no damage. The orc hits you with a +0 short sword.
You block the adder's attack. The hound bites you. The orc closely misses you.
The orc completely misses you. The gnoll barely misses you.
The orc hits you but does no damage. x2
You closely miss the hound. You barely miss something.
You closely miss the orc. You hit the orc. You hit the adder.
The adder barely misses you. You furiously retaliate!
You headbutt the adder. The hound barely misses you.
Something hits you but does no damage. You block the orc's attack.
The orc hits you with a +0 whip of electrocution.
The orc hits you but does no damage.
The gnoll hits you from afar with a +0 spear.
The orc barely misses you.
You are too injured to fight recklessly!
You are too injured to fight recklessly!
You are too injured to fight recklessly!
You are too injured to fight recklessly!
You are too injured to fight recklessly!
You are too injured to fight recklessly!
You are too injured to fight recklessly!
You are too injured to fight recklessly!
You are too injured to fight recklessly!
You are too injured to fight recklessly!
You are too injured to fight recklessly!
You are too injured to fight recklessly!
You are too injured to fight recklessly!
You are too injured to fight recklessly!
You are too injured to fight recklessly!
You are too injured to fight recklessly!
You are too injured to fight recklessly!
You barely miss something. You headbutt something. You barely miss the orc.
You hit the orc.
You kill the orc!
You barely miss the adder. You barely miss the hound.
The hound bites you but does no damage. The adder bites you but does no damage.
The hound closely misses you. You furiously retaliate!
You headbutt the hound.
You hear some strange, mumbled words.
A puff of flame appears from out of thin air!
The puff of flame hits you but does no damage.
You block the gnoll's attack.
The gnoll bouda barks out a call to the hunt!
The gnolls pick up the pace!
The orc barely misses you. You block the orc's attack.
The adder bites you but does no damage. The orc closely misses you.
You closely miss something. You hit the orc. You closely miss the orc.
You miss the adder. You closely miss the hound.
The hound bites you but does no damage. You block the adder's attack.
Something hits you but does no damage. You block the orc's attack.
The orc hits you from afar with a +0 trident.
The gnoll bouda gazes fiercely through you!
You feel your attacks grow feeble.
The gnoll hits you from afar with a +0 spear.
* * * LOW HITPOINT WARNING * * *
The hound bites you but does no damage. The orc barely misses you.
The orc hits you with a +0 war axe.
* * * LOW HITPOINT WARNING * * *
A gnoll comes into view. It is wielding a +0 spear.
The adder bites you.
* * * LOW HITPOINT WARNING * * *
You are poisoned.
The adder poisons you!
You miss something. Your headbutt misses something. You hit the orc.
You kill the orc!
You hit the gnoll bouda. You hit the orc. You miss the adder.
You closely miss the hound.
You feel sick. The hound bites you.
* * * LOW HITPOINT WARNING * * *
The orc closely misses you. The orc barely misses you.
The orc hits you with a +0 war axe.
* * * LOW HITPOINT WARNING * * *
The gnoll barely misses you. The gnoll bouda completely misses you.
The adder bites you but does no damage. You block the hound's attack.
Something hits you but does no damage. The gnoll hits you but does no damage.
The orc closely misses you. You block the orc's attack.
The orc barely misses you. The gnoll hits you but does no damage.
You slash something! Your headbutt misses something. You miss the adder.
You miss the hound.
You hit the gnoll bouda but do no damage.
You hit the gnoll. You barely miss the orc.
You feel sick. The hound bites you but does no damage.
The adder bites you but does no damage. The gnoll hits you but does no damage.
You block the hound's attack. Something hits you but does no damage.
The orc hits you but does no damage. x2
The orc barely misses you. The adder bites you but does no damage.
The gnoll hits you but does no damage.
The gnoll bouda hits you but does no damage.
The gnoll hits you with a +0 club.
* * * LOW HITPOINT WARNING * * *
You closely miss something. You headbutt something! You hit the hound.
You hit the gnoll bouda but do no damage.
You closely miss the gnoll. You hit the gnoll but do no damage.
You barely miss the orc. You miss the adder.
You die...

... ##....# ##..# .#
... #.##.# ##..##
#.#.. .. #....#
+...###..#.# ..
#.#### ##...#......
..# #.......... ...
##.........#
......###...go....##
.......oh{o.....
.....#.S@ggg..#
.....#..gg....#
...###..#o...... ...
#..#....... .#
#..........
...........
..#.#....... .....
.......


You could see a gnoll bouda, a hound, 5 gnolls, an adder and 4 orcs.

Vanquished Creatures
  An ogre (D:4)
  Crazy Yiuf (D:3)
  3 orc priests
  An orc wizard (D:4)
  A sleepcap (D:4)
  6 adders
  3 gnolls (D:3)
  A shadow imp (D:5)
  2 worms
  A dart slug (D:2)
  14 orcs
  5 ball pythons
  10 endoplasms
  3 giant cockroaches
  3 goblins
  4 hobgoblins
  6 quokkas
  6 bats
  7 frilled lizards
  2 kobolds
  5 rats
85 creatures vanquished.

Notes
Turn   | Place    | Note
-------+----------+-------------------------------------------
     0 | D:1      | EnegeticOcto the Minotaur Fighter began the quest for the
                  | Orb.
     0 | D:1      | Reached XP level 1. HP: 19/19 MP: 0/0
   279 | D:1      | Reached XP level 2. HP: 27/27 MP: 1/1
   738 | D:2      | Reached XP level 3. HP: 33/33 MP: 2/2
   797 | D:2      | Found Achoym's General Store.
   894 | D:2      | Identified the +2 ring mail of Ignis's Inspiration {rF- rC+
                  | Int+3}
  1095 | D:3      | Gained mutation: You are frail. (-10% HP) [potion of
                  | mutation]
  1095 | D:3      | Gained mutation: You have large cloven feet. [potion of
                  | mutation]
  1135 | D:3      | Reached XP level 4. HP: 18/36 MP: 3/3
  1278 | D:3      | Found a runed translucent door.
  1279 | D:3      | Noticed Crazy Yiuf
  1626 | D:3      | Reached XP level 5. HP: 24/42 MP: 4/4
  2045 | D:3      | Found an opulent altar of Gozag.
  2169 | D:3      | Killed Crazy Yiuf
  2270 | D:4      | Reached skill level 5 in Axes
  2446 | D:4      | Reached XP level 6. HP: 46/49 MP: 5/5
  2453 | D:4      | Reached skill level 5 in Shields
  2548 | D:4      | Reached skill level 5 in Fighting
  2548 | D:4      | Reached skill level 5 in Armour
  3473 | D:5      | Entered Level 5 of the Dungeon
  3560 | D:5      | Noticed Sigmund
  3573 | D:5      | HP: 2/50 [gnoll/+0 club[a gnoll bouda] (4)]
  3574 | D:5      | Succumbed to an adder's poison

Illustrated notes

Levels and vault maps discovered:
D:1:      dpeg_arrival_connections, layout_basic
D:2:      layout_rooms, serial_shops, nicolae_shop_waterfront
D:3:      layout_basic, nicolae_gozag_cash_rules_everything_around_me,
          uniq_crazy_yiuf_cottage
D:4:      layout_layer_cave
D:5:      layout_cave_pools, gammafunk_temple_overflow_elements, uniq_eustachio,
          uniq_ijyb, uniq_sigmund

Skill      XL: |  1  2  3  4  5  6 |
---------------+-------------------+-----
Axes           | 3 4 5 |  5.8
Shields        | 4 5 |  5.3
Fighting       | 4 5 |  5.2
Armour         | 4 5 |  5.1

Action                     |  1- 3 |  4- 6 || total
---------------------------+-------+-------++-------
  Melee: War axe           |    67 |   106 ||   173
         Headbutt          |     7 |    15 ||    22
         Kick              |     2 |    14 ||    16
    Use: Scroll            |     5 |     9 ||    14
         Potion            |     1 |       ||     1
 Armour: Scale mail        |    28 |     1 ||    29
         Chain mail        |       |    88 ||    88
  Dodge: Dodged            |    41 |    56 ||    97
  Block: Buckler           |    23 |    32 ||    55
